 Dungeon Crawl Stone Soup version 0.19.1 (webtiles) character file.

250313 Alarkh the Brawler (level 20, -3/179 HPs)
             Began as a Ghoul Monk on Nov 26, 2016.
             Was the Champion of Okawaru.
             Slain by a saltling (10 damage)
             ... in the Desolation of Salt on Nov 27, 2016.
             The game lasted 01:38:12 (34930 turns).

Alarkh the Brawler (Ghoul Monk)                    Turns: 34930, Time: 01:38:13

Health: -3/179     AC: 17    Str: 28    XL:     20   Next: 7%
Magic:  0/31       EV: 21    Int: 11    God:    Okawaru [******]
Gold:   320        SH:  0    Dex: 11    Spells: 3 memorised, 27 levels left

rFire  + . .     SeeInvis +       - Unarmed
rCold  + + .     Gourm    .     t - +3 troll leather armour
rNeg   + + +     Faith    +     (no shield)
rPois  ∞         Spirit   +     Y - +0 hat {Spirit}
rElec  +         Reflect  .     A - +2 cloak
rCorr  .         Harm     .     (no gloves)
MR     +....                    v - +2 pair of boots of the World {Str+4 Int+3}
Stlth  ++++++....               K - amulet of faith
                                I - ring of Bupat {rElec rC+ Str+6 Int-3 SInv}
                                U - ring "Momohimem" {rF+ AC+1 Stlth+}

@: about to teleport, heroism, finesse, rotting
A: rotting body, claws 1, carnivore 3, cold resistance 1, negative energy
resistance 3, slow regeneration 1, torment resistance, unbreathing
a: Heroism, Finesse, Renounce Religion
}: 1/15 runes: serpentine


You were in the Desolation of Salt.
You worshipped Okawaru.
Okawaru was exalted by your worship.
You were not hungry.

You visited 6 branches of the dungeon, and saw 31 of its levels.
You visited 1 bazaar.
You also visited: Ice Cave and Desolation.

You collected 3638 gold pieces.
You spent 3318 gold pieces at shops.

Inventory:

Hand Weapons
 s - a +1 demon blade of draining
Armour
 a - a +0 cloak of invisibility
 j - a +0 pair of boots of stealth
 p - a +0 buckler
 t - a +3 troll leather armour (worn)
 v - the +2 pair of boots of the World (worn) {Str+4 Int+3}
   (Okawaru gifted it to you on level 5 of the Lair of Beasts)

   It affects your strength (+4).
   It affects your intelligence (+3).
 A - a +2 cloak (worn)
 Y - a +0 hat of spirit shield (worn)
Jewellery
 c - a +3 ring of slaying
 I - the ring of Bupat (right claw) {rElec rC+ Str+6 Int-3 SInv}
   (You bought it in a shop on level 2 of the Orcish Mines)

   [ring of protection from cold]

   It affects your strength (+6).
   It affects your intelligence (-3).
   It protects you from cold.
   It insulates you from electricity.
   It lets you see invisible.
 K - an amulet of faith (around neck)
 U - the ring "Momohimem" (left claw) {rF+ AC+1 Stlth+}
   (You found it on level 15 of the Dungeon)

   [ring of protection]

   It affects your AC (+1).
   It protects you from fire.
   It makes you more stealthy.
 Z - a cursed ring of teleportation
Wands
 h - a wand of heal wounds (8/9)
 y - a wand of teleportation (0/9)
 D - a wand of teleportation (0/9)
 T - a wand of digging (13/24)
Scrolls
 b - a scroll of brand weapon
 e - a scroll of identify
 g - a scroll of enchant weapon
 i - 3 scrolls of recharging
 k - 10 scrolls of magic mapping
 m - a scroll of torment
 n - a scroll of immolation {unknown}
 z - a scroll of vulnerability
 B - a scroll of fear
 E - 2 scrolls of fog
 G - 15 scrolls of remove curse
 L - 2 scrolls of summoning
Potions
 d - 3 potions of resistance
 l - 3 potions of invisibility
 o - 4 potions of heal wounds
 q - a potion of brilliance
 r - a potion of flight
 u - a potion of cancellation
 w - 7 potions of curing
 x - 3 potions of haste
 F - 4 potions of agility
 J - 7 potions of might
Comestibles
 f - 9 chunks of flesh
 H - 3 beef jerkies
 M - 5 meat rations


   Skills:
 - Level 15.4(20.4) Fighting
 - Level 6.1(11.1) Armour
 - Level 13.2(18.2) Dodging
 - Level 8.5(13.5) Stealth
 - Level 6.1(11.1) Shields
 - Level 20.5(25.5) Unarmed Combat
 + Level 8.5 Spellcasting
 - Level 8.0 Hexes
 + Level 7.6 Charms
 + Level 7.3 Air Magic
 - Level 8.0 Invocations


You had 27 spell levels left.
You knew the following spells:

 Your Spells              Type           Power        Failure   Level  Hunger
a - Confusing Touch       Hex            ###...       1%          1    None
b - Blink                 Tloc           N/A          24%         2    #......
c - Deflect Missiles      Chrm/Air       ###.......   93%         6    #######


Dungeon Overview and Level Annotations

Branches:
Dungeon (15/15)            Temple (1/1) D:4            Lair (6/6) D:9
 Shoals (0/4) Lair:4        Snake (4/4) Lair:2        Slime (0/5) Lair:5
    Orc (2/2) D:11            Elf (0/3) Orc:2        Vaults (3/5) D:13
  Crypt (0/3) Vaults:2     Depths (0/5) D:15

Altars:
Ashenzari
Cheibriados
Dithmenos
Elyvilon
Fedhas
Gozag
Hepliaklqana
Kikubaaqudgha
Makhleb
Nemelex Xobeh
Okawaru
Qazlal
Ru
Sif Muna
Trog
Uskayaw
Vehumet
Xom
Yredelemnul
Zin
The Shining One
Jiyva

Shops:
D:10 *   D:11 [   D:12 ?:   D:15 %(=   Orc:1 ?   Orc:2 *[(=   Snake:1 [%
Snake:2 (


Innate Abilities, Weirdness & Mutations

Your body is rotting away.
You thrive on raw meat.
You are immune to poison.
You have sharp fingernails.
You are carnivorous and can eat meat at any time.
Your flesh is cold resistant. (rC+)
You are immune to negative energy. (rN+++)
You regenerate slowly when monsters are visible.
You are immune to unholy pain and torment.
You can survive without breathing.


Message History

Zapping:
y - a wand of teleportation (1/9)
Press: ? - help, Shift-Dir - straight line, f - you You feel strangely unstable.
This wand has 0 charges left.
The peacekeeper roars!
The guardian serpent shouts!
The guardian serpent coils itself and performs some mystic snake dance.
The saltling blinks!
The crystal guardian blinks into view!
The saltling blinks!
The servant of whispers blinks!
The saltling blinks! x2
The peacekeeper bites you.
* * * LOW HITPOINT WARNING * * *
The peacekeeper misses you. The saltling closely misses you.
The servant of whispers closely misses you.
The crystal guardian hits you!!
* * * LOW HITPOINT WARNING * * *
The saltling hits you!
* * * LOW HITPOINT WARNING * * *
The saltling completely misses you. The saltling barely misses you.
The peacekeeper bites you!
* * * LOW HITPOINT WARNING * * *
The peacekeeper closely misses you. The saltling hits you!
You die...

.§.§..§§.......
..§............
....§..........
.....§..........#.
..S................
...................
§§....888..........
......8@8..........
...8..p88.............
..............8.......
..............p.......
..........#.8.........
..........#.....p.....
........8..p.#.#......
....#..........p8p....
...........p.......


You could see a servant of whispers, a crystal guardian, an ironbrand convoker
(wandering), a peacekeeper, a guardian serpent and 8 saltlings.

Vanquished Creatures
  Jorgrun (Vaults:1)
  Kirke (D:15)
  8 nagarajas
  A fire giant (Vaults:2)
  A frost giant (Vaults:1)
  2 imperial myrmidons (Desolation)
  An orc warlord (Orc:1)
  4 vault wardens (Vaults:1)
  4 ironheart preservers (Vaults:1)
  2 stone giants
  An entropy weaver (Vaults:1)
  A deep elf demonologist (Vaults:1)
  Snorg (D:14)
  A deep elf death mage (Vaults:2)
  3 ettins
  2 crystal guardians
  4 great orbs of eyes (D:15)
  2 fire dragons (D:15)
  2 ragged hierophants (Desolation)
  7 yaktaur captains
  2 servants of whispers
  Erolcha (Orc:1)
  Harold (D:11)
  2 rakshasas
  17 naga warriors
  8 hydras
  15 anacondas
  2 ice dragons
  A peacekeeper (Desolation)
  4 vault guards (D:15)
  2 death knights (Vaults:2)
  9 centaur warriors
  8 ogre magi
  3 tengu warriors (D:15)
  9 death yaks
  2 orc high priests (Orc:2)
  5 shock serpents
  3 deep elf knights
  20 naga sharpshooters
  A fire crab (Lair:5)
  5 unseen horrors
  A shadow wraith (Vaults:1)
  5 skeletal warriors
  4 flayed ghosts
  2 deep elf archers
  4 sea snakes
  11 naga ritualists
  12 hill giants
  Pikel (D:6)
  3 wizards
  12 ironbrand convokers
  An obsidian statue (D:11)
  A lindwurm (Lair:6)
  11 mana vipers
  5 wolf spiders
  4 deep elf magi
  A necromancer (Vaults:2)
  18 orc knights
  A harpy (shapeshifter) (D:13)
  An orc sorcerer (Orc:2)
  6 cyclopes
  15 ugly things
  2 manticores
  10 salamanders
  A salamander (shapeshifter) (D:11)
  5 guardian serpents
  3 elephants (Lair:5)
  4 ice statues
  A guardian serpent (shapeshifter) (Vaults:1)
  22 naga magi
  8 vault sentinels
  A gargoyle (D:14)
  48 black mambas
  Joseph (D:9)
  6 spiny frogs
  4 centaur skeletons
  2 rime drakes
  21 yaktaurs
  A yaktaur skeleton (Vaults:2)
  A rime drake (shapeshifter) (Vaults:2)
  5 freezing wraiths
  6 komodo dragons
  3 tengu conjurers
  6 polar bears
  19 trolls
  7 two-headed ogres
  9 slime creatures
  5 hornets
  21 saltlings
  11 hippogriffs
  5 dream sheep (Lair:6)
  9 blink frogs
  An ettin skeleton (Vaults:2)
  2 shadows
  2 centaur simulacra (D:15)
  2 redbacks (Lair:6)
  A human (D:11)
  4 wraiths
  12 spriggans (Lair:6)
  4 wyverns
  36 yaks
  A vampire (D:15)
  5 basilisks
  Grum (D:9)
  4 hogs
  3 hungry ghosts
  A human simulacrum (Vaults:3)
  Edmund (D:5)
  Menkaure (D:6)
  50 nagas
  3 mottled dragons
  11 wargs
  19 water moccasins
  2 soldier ants
  Duvessa (D:7)
  11 porcupines
  2 sky beasts
  5 black bears
  18 ice beasts
  2 phantoms
  An elf zombie (Vaults:2)
  36 orc warriors
  A necrophage (D:11)
  36 ogres
  7 boggarts
  26 wolves
  A human skeleton (Vaults:2)
  16 centaurs
  4 crocodiles
  A big kobold (D:10)
  18 bullfrogs
  A gnoll sergeant (D:8)
  A wyvern zombie (D:14)
  Dowan (D:7)
  3 scorpions
  13 killer bees
  A wight (D:10)
  2 howler monkeys
  5 electric eels
  11 crimson imps
  A bullfrog zombie (D:9)
  A centaur zombie (D:7)
  13 hounds
  2 quasits
  17 orc priests
  2 jellies
  A gnoll shaman (D:8)
  13 orc wizards
  3 bullfrog skeletons
  7 iguanas
  15 worker ants
  A killer bee zombie (D:6)
  A hound zombie (D:11)
  A hound skeleton (D:8)
  A worker ant zombie (D:9)
  Robin (D:2)
  8 gnolls
  A howler monkey skeleton (D:5)
  30 adders
  7 shadow imps
  An ooze (D:1)
  2 adder skeletons
  A dart slug (D:2)
  3 leopard geckos
  72 orcs
  9 giant cockroaches
  13 goblins
  11 hobgoblins
  21 jackals
  6 quokkas
  2 ball pythons
  8 bats
  3 frilled lizards
  A giant cockroach zombie (D:5)
  A jackal skeleton (D:8)
  10 kobolds
  6 rats
  A rat (shapeshifter) (Vaults:1)
  A fungus (D:9)
  2 plants
1225 creatures vanquished.

Vanquished Creatures (others)
  A deep elf knight (Vaults:2)
  A human (D:15)
  An ogre (Vaults:1)
  A crimson imp (D:15)
  An orc (Orc:1)
  A quokka (D:11)
  6 fungi
  12 plants
24 creatures vanquished.

Grand Total: 1249 creatures vanquished

Notes
Turn   | Place    | Note
-------+----------+-------------------------------------------
     0 | D:1      | Alarkh the Ghoul Monk began the quest for the Orb.
     0 | D:1      | Reached XP level 1. HP: 19/19 MP: 0/0
   169 | D:1      | Reached XP level 2. HP: 24/26 MP: 1/1
   601 | D:2      | Reached XP level 3. HP: 30/30 MP: 2/2
   620 | D:2      | Reached skill level 4 in Unarmed Combat
  1102 | D:2      | Reached XP level 4. HP: 24/40 MP: 3/3
  1645 | D:3      | Noticed Robin
  1702 | D:2      | Killed Robin
  1913 | D:3      | Reached skill level 5 in Unarmed Combat
  1951 | D:3      | Reached XP level 5. HP: 33/46 MP: 4/4
  2286 | D:4      | Found a staircase to the Ecumenical Temple.
  2365 | Temple   | Entered the Ecumenical Temple
  2460 | Temple   | Became a worshipper of Warmaster Okawaru
  2460 | Temple   | Reached * piety under Okawaru
  2460 | Temple   | Reached ** piety under Okawaru
  2631 | D:4      | Reached XP level 6. HP: 34/52 MP: 1/5
  2713 | D:4      | Reached skill level 6 in Unarmed Combat
  3272 | D:5      | Entered Level 5 of the Dungeon
  3342 | D:4      | Reached skill level 1 in Invocations
  3483 | D:4      | Reached XP level 7. HP: 45/60 MP: 4/6
  3700 | D:5      | Noticed Edmund
  3713 | D:5      | Killed Edmund
  3713 | D:5      | Reached skill level 5 in Fighting
  3727 | D:5      | Reached *** piety under Okawaru
  3727 | D:5      | Reached skill level 7 in Unarmed Combat
  4033 | D:5      | Reached XP level 8. HP: 69/69 MP: 8/8
  4708 | D:6      | Reached skill level 5 in Dodging
  4765 | D:6      | Reached skill level 8 in Unarmed Combat
  5017 | D:7      | Noticed Duvessa
  5019 | D:7      | Noticed Dowan
  5030 | D:7      | Killed Duvessa
  5037 | D:7      | Killed Dowan
  5037 | D:7      | Reached **** piety under Okawaru
  5092 | D:7      | Noticed a hippogriff
  5106 | D:7      | Killed a hippogriff
  5106 | D:7      | Reached XP level 9. HP: 42/77 MP: 5/11
  5136 | D:7      | Noticed Menkaure
  5137 | D:7      | Noticed Pikel
  5277 | D:6      | Killed Menkaure
  5277 | D:6      | Reached skill level 9 in Unarmed Combat
  5286 | D:6      | Killed Pikel
  5286 | D:6      | Reached ***** piety under Okawaru
  5286 | D:6      | Reached skill level 5 in Invocations
  5606 | D:7      | Received a gift from Okawaru
  5607 | D:7      | Got a bloodstained arbalest {god gift}
  5608 | D:7      | Identified the +2 arbalest of Theory {penet, rPois rC+} (Okawaru gifted it to you on level 7 of the Dungeon)
  5968 | D:8      | Reached skill level 10 in Unarmed Combat
  6196 | D:8      | Reached XP level 10. HP: 59/86 MP: 8/13
  6512 | D:8      | Noticed a hill giant
  6526 | D:8      | Killed a hill giant
  6596 | D:8      | Reached skill level 11 in Unarmed Combat
  6964 | D:9      | Found a staircase to the Lair.
  7284 | D:9      | Received a gift from Okawaru
  7297 | D:9      | Got a steaming arbalest {god gift}
  7298 | D:9      | Identified the +6 arbalest of Light {freeze, Dex+2} (Okawaru gifted it to you on level 9 of the Dungeon)
  7586 | D:9      | Noticed Joseph
  7601 | D:9      | Killed Joseph
  8182 | D:10     | Entered Level 10 of the Dungeon
  8394 | D:10     | Reached XP level 11. HP: 28/95 MP: 15/15
  8406 | D:10     | Reached skill level 12 in Unarmed Combat
  8417 | D:10     | Received a gift from Okawaru
  8424 | D:10     | Got a twisted hat {god gift}
  8435 | D:10     | Identified the +0 hat "Ijath" {SInv} (Okawaru gifted it to you on level 10 of the Dungeon)
  8458 | D:10     | Noticed a hill giant
  8484 | D:10     | Killed a hill giant
  8718 | D:10     | Noticed a hill giant
  9098 | D:10     | Found Vimoat's Assorted Antiques.
  9106 | D:10     | Bought a scroll labeled ULA VODDEHUNWECH for 31 gold pieces
  9106 | D:10     | Bought an emerald ring for 155 gold pieces
  9106 | D:10     | Bought a glowing ring mail for 310 gold pieces
  9106 | D:10     | Bought a purple potion for 27 gold pieces
  9226 | Lair:1   | Entered Level 1 of the Lair of Beasts
  9226 | Lair:1   | Noticed Grum
  9278 | D:9      | Killed Grum
  9674 | Lair:1   | Noticed a seven-headed hydra
 10018 | Lair:1   | Noticed a wolf spider
 10086 | Lair:1   | Killed a wolf spider
 10086 | Lair:1   | Reached skill level 13 in Unarmed Combat
 10516 | Lair:1   | Killed a seven-headed hydra
 10585 | Lair:1   | Reached skill level 10 in Fighting
 10597 | Lair:1   | Reached XP level 12. HP: 26/106 MP: 17/17
 11131 | Lair:1   | Reached ****** piety under Okawaru
 11746 | Lair:2   | Found a staircase to the Snake Pit.
 11909 | Lair:2   | Reached skill level 14 in Unarmed Combat
 11982 | Lair:2   | Received a gift from Okawaru
 12215 | Lair:2   | Noticed a five-headed hydra
 12225 | Lair:2   | HP: 2/107 [five-headed hydra (9)]
 12227 | Lair:2   | Killed a five-headed hydra
 12254 | Lair:2   | Noticed a four-headed hydra
 12723 | Lair:2   | Killed a four-headed hydra
 12762 | Lair:3   | Noticed a death yak
 12763 | Lair:3   | Noticed a death yak
 13034 | D:11     | Found a staircase to the Orcish Mines.
 13052 | D:11     | Found Paodeos's Armour Emporium.
 13380 | D:11     | Reached skill level 15 in Unarmed Combat
 13503 | D:11     | Reached XP level 13. HP: 48/116 MP: 18/18
 13640 | D:11     | Received a gift from Okawaru
 13743 | D:11     | Reached skill level 10 in Dodging
 14657 | D:12     | Found Xirr's Magic Scroll Boutique.
 14700 | D:12     | Found Vinex's Book Shoppe.
 14741 | D:12     | Reached skill level 16 in Unarmed Combat
 14835 | D:12     | Received a gift from Okawaru
 15624 | Orc:1    | Entered Level 1 of the Orcish Mines
 15624 | Orc:1    | Noticed an ettin
 15645 | Orc:1    | Killed an ettin
 15735 | Orc:1    | Noticed Erolcha
 15743 | Orc:1    | Killed Erolcha
 15761 | Orc:1    | Found Ritalack's Magic Scroll Boutique.
 15764 | Orc:1    | Bought a scroll of magic mapping for 45 gold pieces
 15764 | Orc:1    | Bought a scroll of summoning for 123 gold pieces
 15764 | Orc:1    | Bought a scroll of fog for 26 gold pieces
 15809 | Orc:1    | Noticed Harold
 16099 | D:11     | Killed Harold
 16269 | Orc:2    | Entered Level 2 of the Orcish Mines
 16270 | Orc:2    | Found Oxamuf's Antique Weapon Boutique.
 16281 | Orc:2    | Received a gift from Okawaru
 16298 | Orc:2    | Got a heavily runed hat {god gift}
 16322 | Orc:1    | Identified the +0 hat "Hiagus" {rElec rC- Int+4 Dex+2} (Okawaru gifted it to you on level 2 of the Orcish Mines)
 16456 | Orc:2    | Found Coekav's Jewellery Emporium.
 16464 | Orc:2    | Reached XP level 14. HP: 65/127 MP: 19/19
 16615 | Orc:2    | Found Juomarche's General Store.
 16615 | Orc:2    | Noticed an orc warlord
 16715 | Orc:1    | Killed an orc warlord
 16715 | Orc:1    | Reached skill level 17 in Unarmed Combat
 17311 | Orc:2    | Found Zegirag's Antique Armour Shop.
 17320 | Orc:2    | Bought a smoking ring mail for 243 gold pieces
 17464 | Orc:2    | Bought a cursed ring of loudness for 63 gold pieces
 17464 | Orc:2    | Bought a cursed amulet of inaccuracy for 28 gold pieces
 17489 | Orc:2    | Found a staircase to the Elven Halls.
 17793 | Orc:2    | Bought the ring of Bupat {rElec rC+ Str+6 Int-3 SInv} for 693 gold pieces
 17804 | Orc:2    | Identified the +4 ring mail of It's Over Quickly {-Tele rF++} (You bought it in a shop on level 2 of the Orcish Mines)
 17980 | Lair:2   | You fall through a shaft for 2 floors!
 18227 | Lair:4   | Found a staircase to the Shoals.
 18404 | Lair:3   | Received a gift from Okawaru
 18848 | Lair:4   | You fall through a shaft!
 18919 | Lair:5   | Found a staircase to the Slime Pits.
 18919 | Lair:5   | Found a viscous altar of Jiyva.
 19219 | Lair:1   | Learned a level 1 spell: Confusing Touch
 20198 | Lair:5   | Reached skill level 1 in Hexes
 20213 | Lair:5   | Received a gift from Okawaru
 20213 | Lair:5   | Reached skill level 18 in Unarmed Combat
 20213 | Lair:5   | Reached skill level 1 in Spellcasting
 20216 | Lair:5   | Got a pair of brightly glowing boots {god gift}
 20222 | Lair:5   | Identified the +2 pair of boots of the World {Str+4 Int+3} (Okawaru gifted it to you on level 5 of the Lair of Beasts)
 20510 | Lair:6   | Entered Level 6 of the Lair of Beasts
 20852 | Lair:6   | Reached XP level 15. HP: 64/136 MP: 8/20
 21831 | D:13     | Received a gift from Okawaru
 21882 | D:13     | Reached skill level 1 in Armour
 21971 | D:13     | Reached skill level 1 in Shields
 22151 | D:13     | Received a gift from Okawaru
 22152 | D:13     | Got a polished quick blade {god gift}
 22153 | D:13     | Identified the +10 quick blade of Crusades {freeze, rF++} (Okawaru gifted it to you on level 13 of the Dungeon)
 22495 | D:13     | Found a gate to the Vaults.
 22800 | D:14     | Identified the Tome of Vitriolic Evil
 22821 | D:14     | Noticed Snorg
 22924 | D:14     | You fall through a shaft!
 22924 | D:15     | Entered Level 15 of the Dungeon
 22962 | D:14     | Found a frozen archway.
 22990 | IceCv    | Entered an ice cave
 23131 | IceCv    | Got jewelled ice dragon scales
 23147 | IceCv    | Identified the cursed +0 ice dragon scales "Wol Ocih" {rF- rC++ rN++ rCorr Dex-4 Slay+2} (You found it in an ice cave)
 23197 | D:14     | Killed Snorg
 23267 | D:14     | Received a gift from Okawaru
 23709 | D:15     | Reached XP level 16. HP: 106/146 MP: 12/21
 23719 | D:15     | Got a clouded golden ring
 23721 | D:15     | Identified the ring "Momohimem" {rF+ AC+1 Stlth+} (You found it on level 15 of the Dungeon)
 23776 | D:15     | Reached skill level 19 in Unarmed Combat
 23902 | D:15     | Got a warped bronze ring
 23938 | D:15     | Identified the ring "Eschocha" {rCorr *Corrode Str+8 Dex+4 Slay+3} (You found it on level 15 of the Dungeon)
 23943 | D:15     | Got a coiled turquoise ring
 23945 | D:15     | Identified the ring "Diron" {rPois Str+4} (You took it off a crimson imp on level 15 of the Dungeon)
 23986 | D:15     | Found Innasena's Jewellery Shop.
 23997 | D:15     | Bought a cursed ring of teleportation for 63 gold pieces
 24118 | D:15     | Noticed Kirke
 24129 | D:15     | Killed Kirke
 24130 | D:15     | Received a gift from Okawaru
 24609 | D:15     | Found Eremubua's Food Boutique.
 24670 | D:15     | Paralysed by a wizard for 4 turns
 24789 | D:15     | Reached skill level 5 in Stealth
 24822 | D:15     | Found a staircase to the Depths.
 24855 | D:15     | Got a heavy robe {god gift}
 24866 | D:15     | Identified the +2 robe of Misanthropy {rPois Str+5 SInv Stlth+} (Okawaru gifted it to you on level 15 of the Dungeon)
 24909 | D:15     | Identified the Catalogue of the Unstable Compass
 24914 | D:15     | Learned a level 2 spell: Blink
 24924 | D:15     | Found Xepyski's Antique Weapon Boutique.
 25205 | Snake:1  | Entered Level 1 of the Snake Pit
 25248 | Snake:1  | Received a gift from Okawaru
 25424 | Snake:1  | Found Hiunuh's Food Emporium.
 25424 | Snake:1  | Found Kuhysuar's Armour Shoppe.
 25441 | Snake:1  | Reached XP level 17. HP: 106/154 MP: 15/22
 25958 | Snake:2  | Received a gift from Okawaru
 25961 | Snake:2  | Reached skill level 5 in Shields
 25968 | Snake:2  | Found Fevic's Antique Weapon Emporium.
 26695 | Snake:2  | Reached skill level 5 in Armour
 26695 | Snake:2  | Reached skill level 20 in Unarmed Combat
 27038 | Snake:3  | Received a gift from Okawaru
 27402 | Snake:3  | Reached skill level 15 in Fighting
 27894 | Snake:3  | Received a gift from Okawaru
 28059 | Snake:3  | Identified a scroll of acquirement
 28203 | Snake:4  | Entered Level 4 of the Snake Pit
 28207 | Snake:3  | Got a smoking platinum ring
 28209 | Snake:3  | Identified the ring "Aruv" {rC+ rN+++ Str+6 Dex-5 SInv Stlth-} (You acquired it on level 3 of the Snake Pit)
 28527 | Snake:3  | Learned a level 6 spell: Deflect Missiles
 28577 | Snake:3  | Reached XP level 18. HP: 128/163 MP: 19/23
 28953 | Snake:4  | Reached skill level 1 in Charms
 28999 | Snake:4  | Reached skill level 1 in Air Magic
 29705 | Snake:4  | Reached skill level 5 in Spellcasting
 29715 | Snake:4  | Received a gift from Okawaru
 29715 | Snake:4  | Reached skill level 5 in Hexes
 29739 | Snake:4  | HP: 3/163 [naga sharpshooter/bolt (24)]
 30746 | Snake:4  | Received a gift from Okawaru
 30908 | Snake:4  | Got a serpentine rune of Zot
 31240 | Vaults:1 | Entered Level 1 of the Vaults
 31379 | Vaults:1 | Noticed Jorgrun
 31393 | Vaults:1 | Killed Jorgrun
 31393 | Vaults:1 | Received a gift from Okawaru
 31641 | Vaults:1 | Reached XP level 19. HP: 170/170 MP: 21/27
 31652 | Vaults:1 | Reached skill level 5 in Charms
 31667 | Vaults:1 | You fall through a shaft!
 31945 | Vaults:1 | Reached skill level 5 in Air Magic
 32046 | Vaults:2 | Found a flickering gateway to a bazaar.
 32072 | Bazaar   | Entered a bazaar
 32110 | Bazaar   | Found Emapruc's Antique Armour Boutique.
 32114 | Bazaar   | Found Goynam's Antique Armour Boutique.
 32114 | Bazaar   | Found Acifuent's Jewellery Boutique.
 32115 | Bazaar   | Found Esoydaf's Assorted Antiques.
 32152 | Bazaar   | Bought a blackened leather armour for 210 gold pieces
 32152 | Bazaar   | Bought a faintly glowing leather armour for 210 gold pieces
 32157 | Bazaar   | Bought a scroll labeled SIFUDGH OGHITZI for 28 gold pieces
 32162 | Bazaar   | Bought a pair of embroidered boots for 231 gold pieces
 32162 | Bazaar   | Bought an ichor-stained leather armour for 154 gold pieces
 32173 | Bazaar   | Identified the +1 leather armour of Zuytzur {rN+ MR- Dex+2} (You bought it in a shop in a bazaar)
 32183 | Bazaar   | Identified the cursed +0 leather armour of Youthful Indiscretion {-Cast rElec rPois SInv} (You bought it in a shop in a bazaar)
 32206 | Bazaar   | Bought a glowing ring mail for 300 gold pieces
 32212 | Bazaar   | Bought a runed cloak for 294 gold pieces
 32212 | Bazaar   | Bought a scroll of teleportation for 84 gold pieces
 32253 | Bazaar   | Identified the +1 leather armour "Loxkah" {+Blink} (You bought it in a shop in a bazaar)
 32672 | Vaults:1 | Received a gift from Okawaru
 32938 | Vaults:1 | Noticed an Ice Fiend
 33898 | Vaults:2 | Found a staircase to the Crypt.
 33898 | Vaults:2 | Found a basalt altar of Yredelemnul.
 33899 | Vaults:2 | Found an ancient bone altar of Kikubaaqudgha.
 34512 | Vaults:3 | Received a gift from Okawaru
 34525 | Vaults:3 | Found a ruined gateway.
 34644 | Desolati | Entered the Desolation of Salt
 34797 | Desolati | Reached XP level 20. HP: 98/179 MP: 14/31
 34930 | Desolati | HP: 7/179 [peacekeeper (10)]
 34930 | Desolati | Slain by a saltling

Skill      XL: |  1  2  3  4  5  6  7  8  9 10 11 12 13 14 15 16 17 18 19 |
---------------+----------------------------------------------------------+-----
Dodging        | 3 4 5 6 7 8 9 10 11 12 13 | 13.2
Unarmed Combat | 4 5 6 7 8 10 11 13 15 16 18 19 20 | 20.5
Fighting       | 4 5 6 7 8 10 11 12 13 14 15 | 15.4
Invocations    | 1 2 4 6 7 8 |  8.0
Hexes          | 1 3 4 6 8 |  8.0
Spellcasting   | 2 4 6 8 |  8.5
Armour         | 2 4 5 6 |  6.1
Shields        | 2 4 6 |  6.1
Stealth        | 3 6 8 |  8.5
Charms         | 4 7 |  7.6
Air Magic      | 4 7 |  7.3

Action                   |  1- 3 |  4- 6 |  7- 9 | 10-12 | 13-15 | 16-18 | 19-21 || total
-------------------------+-------+-------+-------+-------+-------+-------+-------++-------
Melee: Unarmed           |   105 |   208 |   346 |   827 |  1212 |  1176 |   630 ||  4504
       Punch             |     1 |     3 |    12 |    40 |   126 |   157 |    83 ||   422
 Cast: Confusing Touch   |       |       |       |       |     1 |     3 |       ||     4
       Blink             |       |       |       |       |       |       |     1 ||     1
Invok: Heroism           |       |       |     1 |    27 |    36 |    20 |    21 ||   105
       Finesse           |       |       |       |       |     5 |     3 |     5 ||    13
Evoke: Wand              |       |       |       |     9 |     2 |     2 |     7 ||    20
  Use: Potion            |       |     4 |       |     1 |     4 |     1 |     1 ||    11
       Scroll            |       |     4 |     3 |    10 |    17 |    12 |     8 ||    54
 Stab: Sleeping          |     2 |     1 |     3 |       |     5 |    29 |    16 ||    56
       Distracted        |       |       |       |     1 |     1 |    10 |     1 ||    13
       Confused          |       |       |       |       |     1 |       |       ||     1
  Eat: Chunk             |    15 |    21 |    17 |   103 |   139 |   106 |    57 ||   458
Armor: Robe              |    14 |    26 |       |       |       |       |       ||    40
       Scale mail        |       |    16 |       |       |       |       |       ||    16
       Ring mail         |       |    21 |    18 |    72 |    36 |       |       ||   147
       Leather armour    |       |       |    87 |    54 |       |       |       ||   141
       Troll leather arm |       |       |       |       |   167 |   178 |   100 ||   445
Dodge: Dodged            |    72 |   137 |   247 |   559 |   897 |   702 |   368 ||  2982
Block: Large shield      |       |       |       |       |     1 |       |       ||     1
